 Dungeon Crawl Stone Soup version 0.28-a0-1212-gc6b4282bc0 (webtiles) character file.

Game seed: 14514874209167243007

104 MordorOrchid the Covert (level 4, 0/41 HPs)
             Began as a Gnoll Delver on Dec 21, 2021.
             Slain by an adder zombie (2 damage)
             ... in an ossuary.
             The game lasted 00:01:22 (394 turns).

MordorOrchid the Covert (Gnoll Delver)               Turns: 394, Time: 00:01:23

Health: 0/41       AC:  3    Str: 11    XL:     4   Next: 80%
Magic:  5/5        EV: 13    Int: 12    God:
Gold:   27         SH:  0    Dex: 13    Spells: 5/5 levels left

rFire   . . .      SeeInvis .   a - +0 falchion
rCold   . . .      Faith    .   (no shield)
rNeg    . . .      Spirit   .   b - +0 leather armour
rPois   .          Reflect  .   (no helmet)
rElec   .          Harm     .   (no cloak)
rCorr   .          Rampage  .   (no gloves)
Will    .....                   (no boots)
Stlth   ++++......              (no amulet)
HPRegen 0.13/turn               (no ring)
MPRegen 0.09/turn               (no ring)

@: hasted, very quick
A: fangs 1, strong nose, distributed training
a: no special abilities


You were in an ossuary.
You visited 1 branch of the dungeon, and saw 1 of its levels.
You also visited: Ossuary.

You collected 27 gold pieces.

Inventory:

Hand Weapons
 a - a +0 falchion (weapon)
Missiles
 h - 13 stones (quivered)
 i - 24 arrows
Armour
 b - a +0 leather armour (worn)
Wands
 g - a wand of digging (3)
Scrolls
 c - a scroll of fog
 d - a scroll of magic mapping
 e - a scroll of fear


   Skills:
 + Level 6.6 Fighting
 + Level 1.2 Short Blades
 + Level 4.7 Long Blades
 + Level 1.2 Axes
 + Level 1.2 Maces & Flails
 + Level 1.2 Polearms
 + Level 1.2 Staves
 + Level 1.2 Slings
 + Level 1.2 Bows
 + Level 1.2 Crossbows
 + Level 1.2 Throwing
 + Level 1.2 Armour
 + Level 4.7 Dodging
 + Level 9.6 Stealth
 + Level 1.2 Shields
 + Level 1.2 Unarmed Combat
 + Level 1.2 Spellcasting
 + Level 1.0 Conjurations
 + Level 1.0 Hexes
 + Level 1.0 Summonings
 + Level 1.0 Necromancy
 + Level 1.0 Translocations
 + Level 1.0 Transmutations
 + Level 1.0 Fire Magic
 + Level 1.0 Ice Magic
 + Level 1.0 Air Magic
 + Level 1.0 Earth Magic
 + Level 1.0 Poison Magic
 + Level 1.3 Invocations
 + Level 1.2 Evocations


You had 5 spell levels left.
You didn't know any spells.
Your spell library was empty.

Dungeon Overview and Level Annotations

Branches:
Dungeon (5/15)            Ossuary (1/1)
 Temple: D:4-7

Altars:


Innate Abilities, Weirdness & Mutations

You have very sharp teeth.
Your uncanny sense of smell can sniff out nearby items.
Your experience applies equally to all skills.


Message History

You destroy the water moccasin zombie!
Your Conjurations skill increases to level 1!
Your Hexes skill increases to level 1!
Your Summonings skill increases to level 1!
Your Necromancy skill increases to level 1!
Your Translocations skill increases to level 1!
Your Transmutations skill increases to level 1!
Your Fire Magic skill increases to level 1!
Your Ice Magic skill increases to level 1!
Your Air Magic skill increases to level 1!
Your Earth Magic skill increases to level 1!
Your Poison Magic skill increases to level 1!
You have reached level 4!
You feel clever.
You slash the orc zombie!
The orc zombie is almost destroyed.
You hit the orc zombie.
You destroy the orc zombie!
You closely miss the adder zombie. The adder zombie barely misses you.
You completely miss the adder zombie. The adder zombie bites you.
* * * LOW HITPOINT WARNING * * *
You slash the adder zombie!
The adder zombie is heavily damaged.
The adder zombie bites you.
* * * LOW HITPOINT WARNING * * *
You hit the adder zombie. Your bite misses the adder zombie.
The adder zombie is heavily damaged.
You barely miss the adder zombie.
The adder zombie is heavily damaged.
The adder zombie misses you.
You hit the adder zombie but do no damage.
You punch the adder zombie, but do no damage.
The adder zombie is heavily damaged.
The adder zombie bites you.
* * * LOW HITPOINT WARNING * * *
You slash the adder zombie!
You bite the adder zombie, but do no damage.
The adder zombie is almost destroyed.
The adder zombie bites you.
You die...

#### #########
#!!!!#...#..∩#
+?[$!#.∩.'...#
#?!!?#...#...#
#### #####...#
#.@.# ###Z#
#...# #...#
#Z..# #...#
###+#


You could see an adder zombie.

Vanquished Creatures
  A water moccasin zombie (Ossuary)
  A howler monkey (D:5)
  A white imp (D:5)
  A hobgoblin zombie (Ossuary)
  2 orc zombies (Ossuary)
6 creatures vanquished.

Notes
Turn   | Place    | Note
-------+----------+-------------------------------------------
     0 | D:5      | Reached skill level 9 in Stealth
     0 | D:5      | MordorOrchid the Gnoll Delver began the quest for the Orb.
     0 | D:5      | Reached XP level 1. HP: 23/23 MP: 1/1
    16 | D:5      | Noticed a hound
    17 | D:5      | Noticed a hound
    17 | D:5      | Noticed a black bear
    66 | D:5      | Noticed a howler monkey
    72 | D:5      | Killed a howler monkey
    73 | D:5      | Reached skill level 1 in Invocations
    73 | D:5      | Reached XP level 2. HP: 24/29 MP: 1/3
    73 | D:5      | Reached XP level 3. HP: 29/35 MP: 1/4
   117 | D:5      | Found a sand-covered staircase.
   125 | Ossuary  | Entered an ossuary
   255 | Ossuary  | Reached skill level 1 in Short Blades
   255 | Ossuary  | Reached skill level 1 in Axes
   255 | Ossuary  | Reached skill level 1 in Maces & Flails
   255 | Ossuary  | Reached skill level 1 in Polearms
   255 | Ossuary  | Reached skill level 1 in Staves
   255 | Ossuary  | Reached skill level 1 in Slings
   255 | Ossuary  | Reached skill level 1 in Bows
   255 | Ossuary  | Reached skill level 1 in Crossbows
   255 | Ossuary  | Reached skill level 1 in Throwing
   255 | Ossuary  | Reached skill level 1 in Armour
   255 | Ossuary  | Reached skill level 1 in Shields
   255 | Ossuary  | Reached skill level 1 in Unarmed Combat
   255 | Ossuary  | Reached skill level 1 in Spellcasting
   255 | Ossuary  | Reached skill level 1 in Evocations
   386 | Ossuary  | Reached skill level 1 in Conjurations
   386 | Ossuary  | Reached skill level 1 in Hexes
   386 | Ossuary  | Reached skill level 1 in Summonings
   386 | Ossuary  | Reached skill level 1 in Necromancy
   386 | Ossuary  | Reached skill level 1 in Translocations
   386 | Ossuary  | Reached skill level 1 in Transmutations
   386 | Ossuary  | Reached skill level 1 in Fire Magic
   386 | Ossuary  | Reached skill level 1 in Ice Magic
   386 | Ossuary  | Reached skill level 1 in Air Magic
   386 | Ossuary  | Reached skill level 1 in Earth Magic
   386 | Ossuary  | Reached skill level 1 in Poison Magic
   386 | Ossuary  | Reached XP level 4. HP: 8/41 MP: 5/5
   393 | Ossuary  | HP: 2/41 [adder zombie (3)]
   394 | Ossuary  | Slain by an adder zombie

Illustrated notes

Levels and vault maps discovered:
D:5:      minmay_general_purpose_star, layout_basic,
          nicolae_dithmenos_the_darkroom, chequers_ossuary_entry_cave,
          serial_shops, nicolae_shop_bloodbath_and_beyond, uniq_ijyb
Ossuary:  ossuary_tomb_2

Skill      XL: |  1  2  3 |
---------------+----------+-----
Stealth        | |  9.6
Invocations    | 1 |  1.3
Short Blades   | 1 |  1.2
Axes           | 1 |  1.2
Maces & Flails | 1 |  1.2
Polearms       | 1 |  1.2
Staves         | 1 |  1.2
Slings         | 1 |  1.2
Bows           | 1 |  1.2
Crossbows      | 1 |  1.2
Throwing       | 1 |  1.2
Armour         | 1 |  1.2
Shields        | 1 |  1.2
Unarmed Combat | 1 |  1.2
Spellcasting   | 1 |  1.2
Evocations     | 1 |  1.2
Conjurations   | 1 |  1.0
Hexes          | 1 |  1.0
Summonings     | 1 |  1.0
Necromancy     | 1 |  1.0
Translocations | 1 |  1.0
Transmutations | 1 |  1.0
Fire Magic     | 1 |  1.0
Ice Magic      | 1 |  1.0
Air Magic      | 1 |  1.0
Earth Magic    | 1 |  1.0
Poison Magic   | 1 |  1.0
Fighting       | |  6.6
Long Blades    | |  4.7
Dodging        | |  4.7

Action                   |  1- 3 |  4- 6 || total
-------------------------+-------+-------++-------
Melee: Falchion          |    30 |     9 ||    39
       Punch             |       |     1 ||     1
       Bite              |       |     1 ||     1
  Use: Potion            |     1 |       ||     1
 Stab: Sleeping          |     2 |       ||     2
Armor: Leather armour    |     3 |       ||     3
Dodge: Dodged            |    15 |     2 ||    17

Table legend: (Time is in decaauts)
 A = Elapsed time spent in this place.
 B = Non-inter-level travel time spent in this place.
 C = Inter-level travel time spent in this place.
 D = Time resting spent in this place.
 E = Time spent auto-exploring this place.
 F = Levels seen in this place.
 G = Mean time per level.
                   A        B        C        D        E       F      G
               +--------+--------+--------+--------+--------+-----+--------+
         Total |    390 |    390 |      0 |    219 |      0 |   2 |  195.0 |
       Dungeon |    125 |    125 |      0 |      0 |      0 |   1 |  125.0 |
       Ossuary |    264 |    264 |      0 |    219 |      0 |   1 |  264.0 |
               +--------+--------+--------+--------+--------+-----+--------+

Top non-repeatable levels by time:
 Ossuary: 264 daAuts
     D:5: 125 daAuts
